 Dungeon Crawl Stone Soup version 0.30.1-3-gfc49f6343a (webtiles) character file.

Game seed: 14375897349985378464

79 zdrol the Chopper (level 4, 0/41 HPs)
             Began as a Minotaur Monk on Aug 6, 2023.
             Slain by an endoplasm (1 damage)
             ... on level 2 of the Dungeon.
             The game lasted 00:05:38 (1254 turns).

zdrol the Chopper (Minotaur Monk)                   Turns: 1254, Time: 00:05:40

Health: 0/41       AC: -2    Str: 15    XL:     4   Next: 16%
Magic:  3/3        EV: 13    Int:  7    God:
Gold:   126        SH:  0    Dex: 15    Spells: 3/3 levels left

rFire   + . .        a - +0 hand axe
rCold   . . .        d - orb {light}
rNeg    . . .        b - +0 robe
rPois   .            (helmet restricted)
rElec   .            (no cloak)
rCorr   .            (no gloves)
SInv    +            (no boots)
Will    .....        k - amulet of regeneration
Stlth   +            l - ring of protection from fire
HPRegen 1.06/turn    m - ring of see invisible
MPRegen 0.08/turn

%: no passive effects
@: corroded, glowing
A: horns 2, retaliatory headbutt
a: no special abilities


You were on level 2 of the Dungeon.
You visited 1 branch of the dungeon, and saw 2 of its levels.

You collected 126 gold pieces.

Inventory:

Hand Weapons
 a - a +0 hand axe (weapon)
Armour
 b - a +0 robe (worn)
 d - an orb of light (worn)
Magical Staves
 j - a staff of earth
Jewellery
 k - an amulet of regeneration (around neck)
 l - a ring of protection from fire (left hand)
 m - a ring of see invisible (right hand)
 p - a ring of wizardry
Scrolls
 f - 3 scrolls of identify
 i - a scroll of enchant armour
 o - a scroll of blinking {unknown}
Potions
 c - a potion of ambrosia
 e - a potion of lignification {unknown}
 g - 2 potions of curing {unknown}
 h - a potion of degeneration {unknown}
 n - a potion of berserk rage {unknown}


   Skills:
 + Level 4.3 Fighting
 + Level 4.9 Axes
 + Level 4.0 Dodging
 + Level 0.1 Stealth


You had 3 spell levels left.
You didn't know any spells.
Your spell library was empty.

Dungeon Overview and Level Annotations

Branches:
Dungeon (2/15)

Altars:

Shops:
D:1 (


Innate Abilities, Weirdness & Mutations

You have a pair of horns on your head.
You reflexively headbutt those who attack you in melee.


Message History

You feel agile. 5 endoplasms come into view.
Found three rat skeletons, two goblin skeletons, a bat skeleton and 7 stones.
The endoplasm quivers. x4; The jelly quivers.
There is an open door here.
The endoplasm quivers.
The endoplasm hits you. The endoplasm misses you.
The endoplasm hits the fungus.
The fungus begins to die.
The endoplasm hits the fungus.
You hit the endoplasm but do no damage. You headbutt the endoplasm.
The endoplasm is almost dead.
You hit the endoplasm. The endoplasm freezes you.
You are frozen.
The endoplasm closely misses you. The endoplasm freezes you.
You are frozen.
The endoplasm hits you.
The endoplasm hits the fungus.
The fungus begins to die.
You hit the endoplasm but do no damage.
The endoplasm is almost dead.
You hit the endoplasm.
You are no longer corroded.
The endoplasm misses you.
You hit the endoplasm.
You kill the endoplasm!
You hit the jelly.
Your hands burn!
You hit the endoplasm.
A nearby fungus withers and dies.
The endoplasm misses you.
You hit the endoplasm.
The endoplasm is almost dead.
You hit the jelly. The acid corrodes you!
Your hands burn!
* * * LOW HITPOINT WARNING * * *
You hit the endoplasm but do no damage.
A nearby fungus withers and dies.
The endoplasm hits you.
* * * LOW HITPOINT WARNING * * *
The jelly hits you.
* * * LOW HITPOINT WARNING * * *
You are splashed with acid!
* * * LOW HITPOINT WARNING * * *
The endoplasm hits you.
You die...

#.########
#..............
##....).##
#..............
#######'###..............
......÷..##............##
.P...÷...##............##
÷...÷....##............##
..÷P...÷J# ..........##
.P.....JJ# ..........##
(÷....JJ@# #######...##
########## #...## ######


You could see a jelly and 4 endoplasms.

Vanquished Creatures
  A jelly (D:2)
  An adder (D:2)
  A worm (D:2)
  4 endoplasms (D:2)
  A giant cockroach (D:1)
  3 hobgoblins
  3 jackals (D:1)
  A quokka (D:1)
  A bat (D:1)
  3 frilled lizards (D:1)
  3 goblins
  14 kobolds
  2 rats (D:1)
38 creatures vanquished.

Notes
Turn   | Place    | Note
-------+----------+-------------------------------------------
     0 | D:1      | zdrol the Minotaur Monk began the quest for the Orb.
     0 | D:1      | Reached XP level 1. HP: 19/19 MP: 0/0
   112 | D:1      | Reached XP level 2. HP: 25/27 MP: 1/1
   280 | D:1      | Found Kesig's Weapon Emporium.
   839 | D:2      | Reached XP level 3. HP: 32/33 MP: 2/2
  1243 | D:2      | Reached XP level 4. HP: 19/41 MP: 3/3
  1254 | D:2      | HP: 1/41 [acid (7)]
  1254 | D:2      | Slain by an endoplasm

Illustrated notes

Levels and vault maps discovered:
D:1:      dpeg_arrival_rooms_with_view, layout_rooms, serial_shops, shop,
          lexackson_kobold_supper
D:2:      cheibrodos_fertilizer, layout_basic, minmay_liquid_box,
          hangedman_decor_growths

Skill      XL: |  1  2  3 |
---------------+----------+-----
Axes           | 4 |  4.9
Fighting       | 4 |  4.3
Dodging        | 4 |  4.0
Stealth        | |  0.1

Action                     |  1- 3 |  4- 6 || total
---------------------------+-------+-------++-------
  Melee: Hand axe          |    69 |     4 ||    73
         Headbutt          |    10 |     1 ||    11
    Use: Scroll            |     1 |       ||     1
 Armour: Robe              |    10 |       ||    10
  Dodge: Dodged            |    46 |     4 ||    50
